 Dungeon Crawl Stone Soup version 0.30-a0-949-g53dc5368d7 (webtiles) character file.

Game seed: 735026353117535846

1103 retardedninja the Magician (level 8, -2/41 HPs)
             Began as a Deep Elf Air Elementalist on Mar 27, 2023.
             Slain by a lemure (8 damage)
             ... led by Pikel
             ... on level 6 of the Dungeon.
             The game lasted 00:11:07 (7002 turns).

retardedninja the Magician (DEAE)                   Turns: 7002, Time: 00:11:08

Health: -2/41      AC:  3    Str:  5    XL:     8   Next: 10%
Magic:  20/21      EV: 14    Int: 23    God:
Gold:   260        SH:  0    Dex: 15    Spells: 18/21 levels left

rFire   . . .      SeeInvis .    v - +0 spear
rCold   . . .      Faith    .    (no shield)
rNeg    . . .      Spirit   .    e - +0 robe
rPois   +          Reflect  .    z - +0 helmet
rElec   .          Rampage  .    (no cloak)
rCorr   .                        (no gloves)
Will    .....                    (no boots)
Stlth   +++                      (no amulet)
HPRegen 0.26/turn                x - ring of poison resistance
MPRegen 0.17/turn                (no ring)

@: no status effects
A: no striking features
a: no special abilities


You were on level 6 of the Dungeon.
You visited 1 branch of the dungeon, and saw 6 of its levels.

You collected 260 gold pieces.

Inventory:

Hand Weapons
 v - a +0 spear (weapon)
Armour
 e - a +0 robe (worn)
 z - a +0 helmet (worn)
Jewellery
 k - a ring of fire
 t - the Hermit's Pendant {Faith Invo=14 Evo=0 MP+5}
   (You found it on level 3 of the Dungeon)

   [amulet of faith]

   Invo=14: It sets your Invocations skill to 14.
   Evo=0: It sets your Evocations skill to 0.
   It allows you to gain divine favour quickly.
   MP:        It affects your magic capacity (+5).
 x - a ring of poison resistance (left hand)
 y - a +6 ring of dexterity
 B - a ring of protection from cold
Scrolls
 b - 2 scrolls of enchant weapon {unknown}
 c - 2 scrolls of fear
 d - a scroll of blinking
 f - 2 scrolls of vulnerability {unknown}
 l - a scroll of immolation {unknown}
 m - a scroll of noise {unknown}
 o - 4 scrolls of teleportation {unknown}
 p - 2 scrolls of fog {unknown}
 q - 2 scrolls of acquirement {unknown}
 s - a scroll of torment {unknown}
 u - 3 scrolls of identify {unknown}
 w - a scroll of amnesia {unknown}
 A - a scroll of poison {unknown}
Potions
 a - 2 potions of invisibility {unknown}
 g - 2 potions of haste {unknown}
 i - 2 potions of lignification {unknown}
 j - a potion of mutation {unknown}
 n - a potion of flight {unknown}
 r - a potion of magic


   Skills:
 + Level 5.1 Dodging
 + Level 5.4 Stealth
 * Level 7.4 Spellcasting
 * Level 4.5 Conjurations
 * Level 5.1 Air Magic


You had 18 spell levels left.
You knew the following spells:

 Your Spells              Type           Power      Damage    Failure   Level
a - Shock                 Conj/Air       100%       1d9       1%          1
b - Static Discharge      Conj/Air       60%        2-5/arc   1%          2

Your spell library contained the following spells:

 Spells                   Type           Power      Damage    Failure   Level
 Swiftness                Air            32%        N/A       2%          3
 Apportation              Tloc           16%        N/A       8%          1
 Airstrike                Air            16%        2d(3-19)  9%          4
 Ignite Poison            Fire/Tmut/Pois 8%         N/A       22%         3
 Sticky Flame             Conj/Fire      18%        2d4       28%         4
 Alistair's Intoxication  Tmut/Pois      5%         N/A       90%         5
 Ignition                 Fire           4%         3d4       100%        8


Dungeon Overview and Level Annotations

Branches:
Dungeon (6/15)
 Temple: D:4-7

Altars:
Okawaru
Ru
Uskayaw


Message History

The zap hits the iguana.
The iguana is almost dead.
The zap hits the sky beast.
The sky beast completely resists.
The zap hits the iguana.
You kill the iguana!
The zap hits the sky beast.
The sky beast completely resists.
You can't see any susceptible monsters within range! (Use Z to cast anyway.)
You can't see any susceptible monsters within range! (Use Z to cast anyway.)
Found a club.
You see here an iguana corpse.
You hit the sky beast but do no damage. The sky beast hits you.
The sky beast shocks you.
You closely miss the sky beast.
You punch the sky beast, but do no damage.
The sky beast barely misses you.
You miss the sky beast. The sky beast hits you. The sky beast shocks you.
You hit the sky beast but do no damage.
The sky beast flickers out of sight!
Deactivating autopickup; reactivate with Ctrl-A.
Something hits you. Something shocks you.
You miss something. Something hits you.
* * * LOW HITPOINT WARNING * * *
Something shocks you.
* * * LOW HITPOINT WARNING * * *
Unknown command.
You feel better. Something hits you.
* * * LOW HITPOINT WARNING * * *
Something shocks you.
* * * LOW HITPOINT WARNING * * *
Blink to where?
Press: ? - help, Q - select action, (/) - cycle Dir - move target
As you read the scroll of blinking, it crumbles to dust.
A lemure comes into view.
A sky beast appears from thin air!
Reactivating autopickup.
The lemure attacks as you move away! The lemure barely misses you.
The lemure attacks as you move away! The lemure misses you.
The lemure hits you.
* * * LOW HITPOINT WARNING * * *
The lemure attacks as you move away! The lemure hits you!
You die...

###.###..####........#
#.....#).##.......#..#
#.#.#.#..##.#.##..#..####.#.
#......##.#..............#
.#.#.#..##.#.##..#..#####
............#.....#..#
##..####..........#..# #.#
##<####.....#..#
#.#.........@5.###..# #
#.###.######.###..# ..#
#......# ########.####.###
........Y...Y§.#
...####......#.#
.....###..#.# ...........#.#
..###+####..#.#


You could see a lemure.

Vanquished Creatures
  A water moccasin (D:5)
  3 ogres
  A centaur (D:3)
  2 scorpions
  A bullfrog (D:4)
  7 hounds
  A jelly (D:4)
  A sleepcap (D:4)
  An orc wizard (D:3)
  Terence (D:2)
  An iguana (D:6)
  4 adders
  A shadow imp (D:3)
  An ufetubus (D:5)
  2 worms
  6 dart slugs
  13 orcs
  6 ball pythons
  4 endoplasms
  2 giant cockroaches (D:1)
  6 goblins
  3 hobgoblins
  9 jackals
  3 quokkas
  3 bats
  4 frilled lizards
  3 kobolds
  3 rats
93 creatures vanquished.

Vanquished Creatures (others)
  16 plants (D:2)
16 creatures vanquished.

Grand Total: 109 creatures vanquished

Notes
Turn   | Place    | Note
-------+----------+-------------------------------------------
     0 | D:1      | retardedninja the Deep Elf Air Elementalist began the quest
                  | for the Orb.
     0 | D:1      | Reached XP level 1. HP: 10/10 MP: 6/6
   616 | D:1      | Reached XP level 2. HP: 15/15 MP: 6/8
   953 | D:1      | Found a faded altar of an unknown god.
  1253 | D:1      | Reached XP level 3. HP: 19/19 MP: 7/9
  1795 | D:2      | Noticed Terence
  1813 | D:2      | Killed Terence
  1821 | D:2      | Reached skill level 4 in Spellcasting
  1821 | D:2      | Reached XP level 4. HP: 9/24 MP: 6/12
  2531 | D:3      | Found a hide-covered altar of Uskayaw.
  2844 | D:3      | Noticed a centaur
  2851 | D:3      | Killed a centaur
  2852 | D:3      | Reached XP level 5. HP: 2/28 MP: 5/14
  3101 | D:3      | Learned a level 2 spell: Static Discharge
  3254 | D:3      | Reached skill level 5 in Spellcasting
  3590 | D:3      | Found a sacrificial altar of Ru.
  3762 | D:3      | Found a faded altar of an unknown god.
  3763 | D:3      | Found the Hermit's Pendant {Faith Invo=14 Evo=0 MP+5}
  3982 | D:4      | Reached XP level 6. HP: 32/32 MP: 12/15
  4802 | D:4      | Reached skill level 6 in Spellcasting
  5044 | D:4      | Reached XP level 7. HP: 24/36 MP: 8/18
  5566 | D:5      | Entered Level 5 of the Dungeon
  5651 | D:5      | Reached skill level 5 in Stealth
  5930 | D:5      | Found an iron altar of Okawaru.
  6104 | D:5      | Reached skill level 7 in Spellcasting
  6260 | D:5      | Reached skill level 5 in Dodging
  6267 | D:5      | Reached skill level 5 in Air Magic
  6900 | D:6      | Reached XP level 8. HP: 41/41 MP: 16/21
  7002 | D:6      | Slain by a lemure

Illustrated notes

Levels and vault maps discovered:
D:1:      dpeg_arrival_court, layout_loops_corners,
          shapermc_ecumenical_altar_mp_highgroup
D:2:      layout_basic, minmay_misc_feat_four_crosses, serial_bayou_lagoon_a,
          uniq_terence
D:3:      layout_loops_cross, nicolae_uskayaw_dance_hall,
          nicolae_ru_path_of_blood, hellmonk_guarded_unrand_hermit
D:4:      layout_loops_corners
D:5:      layout_loops_ring, mainiacjoe_overflow_boulevard, moated_statue
D:6:      layout_loops_ring, lemuel_mausoleum_altar_yredelemnul,
          mainiacjoe_overflow_surrounded_room, minivault_1, uniq_sigmund,
          uniq_pikel, uniq_crazy_yiuf_cottage

Skill      XL: |  1  2  3  4  5  6  7 |
---------------+----------------------+-----
Stealth        | 3 4 5 |  5.4
Dodging        | 3 4 5 |  5.1
Conjurations   | 2 3 4 |  4.5
Spellcasting   | 4 5 6 7 |  7.4
Air Magic      | 4 5 |  5.1

Action                     |  1- 3 |  4- 6 |  7- 9 || total
---------------------------+-------+-------+-------++-------
  Melee: Unarmed           |     6 |       |       ||     6
         Hand axe          |     4 |       |       ||     4
         Flail             |       |    14 |       ||    14
         Spear             |       |       |     5 ||     5
         Punch             |       |       |     1 ||     1
   Cast: Shock             |    76 |   145 |    56 ||   277
         Static Discharge  |       |     7 |     7 ||    14
    Use: Potion            |     1 |     3 |     4 ||     8
         Scroll            |       |     3 |     1 ||     4
 Armour: Robe              |     5 |     7 |     1 ||    13
  Dodge: Dodged            |    18 |    44 |    25 ||    87

Table legend: (Time is in decaauts)
 A = Elapsed time spent in this place.
 B = Non-inter-level travel time spent in this place.
 C = Inter-level travel time spent in this place.
 D = Time resting spent in this place.
 E = Time spent auto-exploring this place.
 F = Levels seen in this place.
 G = Mean time per level.
                   A        B        C        D        E       F      G
               +--------+--------+--------+--------+--------+-----+--------+
         Total |   7016 |   6772 |    244 |   1445 |   4624 |   6 | 1169.3 |
       Dungeon |   7016 |   6772 |    244 |   1445 |   4624 |   6 | 1169.3 |
               +--------+--------+--------+--------+--------+-----+--------+

Top non-repeatable levels by time:
     D:4: 1651 daAuts
     D:1: 1532 daAuts
     D:3: 1417 daAuts
     D:5: 1317 daAuts
     D:2: 979 daAuts
     D:6: 118 daAuts
